[Event "Titled Tuesday Blitz August 15 Early 2023"]
[White "Korpics, Zsolt"]
[Black "TimGrutter03"]
[WhiteFideId "705241"]
[WhiteElo "2374"]
[BlackElo "2571"]
[Result "0-1"]
[Round "3"]
[TimeControl "180+1"]
[Date "2023.08.15"]
[WhiteClock "0:00:14"]
[BlackClock "0:00:05"]
[Board "134"]

1. e4 d6 2. d4 Nf6 3. Nc3 e5 4. Nf3 Nbd7 5. g4 Nxg4 6. Rg1 Ngf6 7. Bc4 h6 8. dxe5 dxe5 9. Be3 g6 10. Qd2 Be7 11. Bxh6 Nb6 12. Bb3 Qxd2+ 13. Bxd2 Bd6 14. Ng5 Rf8 15. Nb5 Ke7 16. O-O-O a5 17. Be3 Nbd7 18. Rd2 a4 19. Bc4 a3 20. Rgd1 axb2+ 21. Kxb2 Nc5 22. Nxd6 cxd6 23. Rxd6 Nfxe4 24. Nxe4 Nxe4 25. Rb6 Rd8 26. Bd3 Nd6 27. Bc5 Ke6 28. Bxd6 Rxd6 29. Bc4+ Ke7 30. Rbxd6 Ra4 31. Bb3 Rf4 32. Rd8 Bf5 33. R8d2 Rh4 34. Re1 Kf6 35. f3 Rf4 36. Rf2 g5 37. Ref1 Bh3 38. Rg1 g4 39. Rg3 e4 40. Bd5 e3 41. Re2 Ke5 42. Bxb7 Kd4 43. fxg4 Rf6 44. Rexe3 Rb6+ 45. Rb3 Rh6 46. Rgd3+ Ke5 47. Rb5+ Kf4 48. Rd4+ Ke3 49. Re4+ Kf2 50. Rb3 Bg2 51. Rf4+ Kg1 52. Re3 Rb6+ 53. Kc3 Rxb7 54. Re1+ Kxh2 55. Rf2 Rc7+ 56. Kb2 Kg3 57. Ree2 Bf3 58. Rd2 Kxg4 59. Rf1 f5 60. a4 Be4 61. Ka3 Rc3+ 62. Kb4 Rc8 63. a5 Rb8+ 64. Ka4 Bc6+ 65. Ka3 Rb5 66. Rd4+ Kg3 67. Ra4 Rc5 68. Rg4+ fxg4 69. Kb4 Rxc2 70. a6 Ra2 71. Kc5 Rxa6 72. Rf6 Kh2 73. Rh6+ Kg2 74. Kd4 g3 75. Rg6 Kf2 76. Kc3 g2 77. Kc4 g1=Q 78. Rxg1 Kxg1 79. Kc5 Kf2 80. Kb4 Be4 81. Kc5 Rf6 82. Kd4 Bf3 83. Ke5 Ra6 84. Kd4 Ra4+ 85. Kc5 Rg4 86. Kd6 Ke3 87. Ke5 Be4 88. Kf6 Kf4 89. Ke6 Rg6+ 90. Ke7 Ke5 91. Kf7 Ra6 92. Kg7 Kf5 93. Kh7 Kg5+ 94. Kg7 Ra7+ 95. Kg8 Kf6 96. Kh8 Kg6 97. Kg8 Ra8# 0-1


[Site "https://www.chess.com"]

[Event "Titled Tuesday Blitz August 15 Early 2023"]
[White "FlemingA"]
[Black "Roebers, Eline"]
[BlackFideId "1058401"]
[WhiteElo "2361"]
[BlackElo "2569"]
[Result "1-0"]
[Round "3"]
[TimeControl "180+1"]
[Date "2023.08.15"]
[WhiteClock "0:01:04"]
[BlackClock "0:01:11"]
[Board "135"]

1. Nc3 f5 2. d4 Nf6 3. h3 d5 4. Bf4 c5 5. e3 Nc6 6. Nf3 a6 7. Ne5 Qb6 8. Nxc6 bxc6 9. Rb1 e6 10. Be2 cxd4 11. exd4 c5 12. dxc5 Bxc5 13. O-O Bd6 14. Na4 Qc7 15. Bxd6 Qxd6 16. c4 d4 17. c5 Qc6 18. Bf3 Ne4 19. Qxd4 Bb7 20. Nb6 Rd8 21. Qxg7 1-0


[Site "https://www.chess.com"]

[Event "Titled Tuesday Blitz August 15 Early 2023"]
[White "Keleberda, Tymur"]
[Black "Vasques, Antonio Pedro Freixial"]
[WhiteFideId "14174294"]
[BlackFideId "1908332"]
[WhiteElo "2568"]
[BlackElo "2350"]
[Result "0-1"]
[Round "3"]
[TimeControl "180+1"]
[Date "2023.08.15"]
[WhiteClock "0:00:48"]
[BlackClock "0:01:36"]
[Board "136"]

1. e4 c5 2. Nf3 d6 3. c3 Nf6 4. h3 Nc6 5. Bd3 g5 6. O-O g4 7. hxg4 Bxg4 8. Bc2 Ne5 9. d4 Nxf3+ 10. gxf3 Bh3 11. Ba4+ Nd7 12. Re1 e6 13. Bxd7+ Kxd7 14. Qa4+ Kc7 15. Bf4 Rg8+ 16. Bg3 Qh4 17. Kh2 Qh5 18. Rh1 Qxf3 19. Kxh3 Qxh1+ 20. Bh2 Qg2+ 21. Kh4 Qg4# 0-1


[Site "https://www.chess.com"]

[Event "Titled Tuesday Blitz August 15 Early 2023"]
[White "Saito, Vinicius"]
[Black "Trifan, Andrei Ioan"]
[WhiteFideId "2113384"]
[BlackFideId "12967068"]
[WhiteElo "2349"]
[BlackElo "2567"]
[Result "0-1"]
[Round "3"]
[TimeControl "180+1"]
[Date "2023.08.15"]
[WhiteClock "0:00:31"]
[BlackClock "0:01:09"]
[Board "137"]

1. e4 d6 2. d4 Nf6 3. Nc3 g6 4. Nf3 Bg7 5. Be2 O-O 6. O-O c6 7. a4 a5 8. h3 Qc7 9. Be3 Nbd7 10. Qd2 e5 11. Bh6 exd4 12. Nxd4 Nc5 13. Bxg7 Kxg7 14. Bf3 Re8 15. Rfe1 Bd7 16. Rad1 Rad8 17. Qf4 Bc8 18. h4 Re5 19. g3 Qe7 20. Re2 Re8 21. Rde1 h5 22. Bg2 Bg4 23. f3 Bc8 24. Kf2 Qc7 25. Kf1 Qb6 26. Qd2 Qxb2 27. Rb1 Qa3 28. Nb3 Nxb3 29. cxb3 d5 30. exd5 Rxe2 31. Nxe2 Nxd5 32. Qb2+ Qxb2 33. Rxb2 Ne3+ 34. Kf2 Nd1+ 0-1


[Site "https://www.chess.com"]

[Event "Titled Tuesday Blitz August 15 Early 2023"]
[White "Hirneise, Jens"]
[Black "Principe, Alexander"]
[WhiteFideId "24614734"]
[BlackFideId "3804542"]
[WhiteElo "2506"]
[BlackElo "2567"]
[Result "0-1"]
[Round "3"]
[TimeControl "180+1"]
[Date "2023.08.15"]
[WhiteClock "0:00:05"]
[BlackClock "0:00:09"]
[Board "138"]

1. b3 d5 2. Bb2 Bf5 3. d3 Nd7 4. Nd2 Ngf6 5. g3 e5 6. Bg2 c6 7. e4 Be6 8. Ngf3 Bd6 9. O-O O-O 10. Ng5 Bg4 11. Qe1 h6 12. Ngf3 Re8 13. h3 Bh5 14. g4 Bg6 15. Nh4 Nxe4 16. Nxe4 Bxe4 17. dxe4 Qxh4 18. exd5 c5 19. Qe4 Nf6 20. Qe1 e4 21. f4 Qxe1 22. Raxe1 e3 23. Bxf6 gxf6 24. c4 Re7 25. Re2 Rae8 26. Kh2 Kg7 27. Kg3 f5 28. Bf3 Kf6 29. gxf5 Rg8+ 30. Kh4 Bxf4 31. Bg4 Re4 32. Rxf4 Rxf4 33. Kg3 Rd4 34. Kf3 Re8 35. Rxe3 Rxe3+ 36. Kxe3 Ke5 37. Bh5 f6 38. Bg4 b6 39. Ke2 Kf4 40. a3 Kg5 41. Ke3 h5 42. Bf3 h4 43. Bg4 Kh6 44. Ke2 Kg7 45. Ke3 Kf7 46. Ke2 Ke7 47. a4 a6 48. Ke3 Kd6 49. Be2 Ke5 50. Bd3 Rf4 51. d6 Rd4 52. Be4 Rxe4+ 53. Kf3 Rd4 0-1


[Site "https://www.chess.com"]

[Event "Titled Tuesday Blitz August 15 Early 2023"]
[White "Aggelis, Nikolaos"]
[Black "Rian, Kapriaga"]
[WhiteFideId "4213220"]
[BlackFideId "7103263"]
[WhiteElo "2564"]
[BlackElo "2341"]
[Result "1-0"]
[Round "3"]
[TimeControl "180+1"]
[Date "2023.08.15"]
[WhiteClock "0:00:32"]
[BlackClock "0:00:00"]
[Board "139"]

1. c4 Nf6 2. g3 e5 3. Bg2 Nc6 4. Nc3 Bb4 5. Nd5 Bc5 6. e3 d6 7. Ne2 O-O 8. O-O Nxd5 9. cxd5 Ne7 10. d4 Bb6 11. dxe5 dxe5 12. b4 a5 13. Bb2 f6 14. Qb3 Kh8 15. bxa5 Rxa5 16. Rfd1 Bg4 17. f3 Bf5 18. Kh1 Nc8 19. e4 Bd7 20. a4 Nd6 21. Bc3 Ra6 22. a5 Bf2 23. Bb4 Bc8 24. Rf1 Ba7 25. Rfc1 f5 26. Nc3 fxe4 27. Nxe4 Nxe4 28. fxe4 Rf2 29. Qc4 c5 30. Bxc5 Bxc5 31. Qxc5 Rf8 32. Rf1 Raf6 33. Rxf6 Rxf6 34. Rc1 Bg4 35. h3 Bf3 36. Qc8 Bxg2+ 37. Kxg2 Rf8 38. Qxd8 Rxd8 39. Rc7 Rb8 40. d6 Kg8 41. d7 Kf7 42. d8=Q+ 1-0


[Site "https://www.chess.com"]

[Event "Titled Tuesday Blitz August 15 Early 2023"]
[White "Souleidis, Georgios"]
[Black "Lopez Gracia, Fernando"]
[WhiteFideId "4206827"]
[BlackFideId "2207184"]
[WhiteElo "2561"]
[BlackElo "2337"]
[Result "1-0"]
[Round "3"]
[TimeControl "180+1"]
[Date "2023.08.15"]
[WhiteClock "0:00:30"]
[BlackClock "0:00:00"]
[Board "140"]

1. e4 c5 2. Be2 e6 3. d3 Nc6 4. f4 d6 5. Nf3 g6 6. O-O Bg7 7. c3 Nge7 8. Be3 O-O 9. d4 cxd4 10. cxd4 d5 11. e5 Nf5 12. Bf2 h5 13. Qd2 a6 14. Nc3 b5 15. Rac1 Bd7 16. g3 Qb6 17. h3 Na5 18. b3 Rac8 19. g4 hxg4 20. hxg4 Nh6 21. Nh2 b4 22. Nd1 Rxc1 23. Qxc1 Rc8 24. Qd2 Bf8 25. Be3 Bb5 26. Bxb5 axb5 27. Nf2 Rc3 28. f5 Kh7 29. fxg6+ fxg6 30. Nh3 Bg7 31. Ng5+ Kg8 32. Nxe6 Qxe6 33. Bxh6 Nc6 34. Bxg7 Kxg7 35. Qf4 Rc2 36. Qf8+ Kh7 37. Rf7+ Qxf7 38. Qxf7+ Kh8 39. Qf6+ Kh7 40. e6 Nxd4 41. Qxd4 Rc1+ 42. Kg2 Rc3 43. e7 Rc2+ 44. Kg3 Re2 45. Qf6 1-0


[Site "https://www.chess.com"]

[Event "Titled Tuesday Blitz August 15 Early 2023"]
[White "Karamsetty, Jeevan"]
[Black "UgarteCesar"]
[WhiteFideId "2025337"]
[WhiteElo "2556"]
[BlackElo "2333"]
[Result "0-1"]
[Round "3"]
[TimeControl "180+1"]
[Date "2023.08.15"]
[WhiteClock "0:00:12"]
[BlackClock "0:00:12"]
[Board "141"]

1. e4 c5 2. Nf3 Nc6 3. d4 cxd4 4. Nxd4 Qb6 5. Nb3 Nf6 6. Bd3 e6 7. O-O a6 8. Bf4 d5 9. Nc3 dxe4 10. Nxe4 Nb4 11. Nxf6+ gxf6 12. Be4 Bd7 13. c3 Nc6 14. Qe2 Be7 15. Rad1 Rd8 16. Qh5 Qb5 17. Qh6 f5 18. Bd3 Qa4 19. Bb1 Rg8 20. Qxh7 Rxg2+ 21. Kxg2 Qxf4 22. Qg8+ Bf8 23. Qg3 Qh6 24. f4 Ne7 25. Nd4 Nd5 26. Rde1 Be7 27. Qg8+ Qf8 28. Qxf8+ Kxf8 29. Kg3 Bd6 30. Bc2 Kg7 31. Bb3 Nf6 32. Kf3 Ne4 33. Rg1+ Kf6 34. Ke3 Bc5 35. Rd1 Bb5 36. Bc2 Bc6 37. Bxe4 Bxe4 38. Rg3 e5 39. fxe5+ Kxe5 40. Rg5 f6 41. Rh5 b5 42. Ke2 Rg8 43. Nf3+ Kf4 44. Nh4 Kg4 45. Rh7 f4 46. Rdd7 Bxh7 47. Rxh7 f3+ 48. Nxf3 Re8+ 49. Kd3 Kxf3 50. Rf7 Re6 51. h4 Kg4 52. Rh7 f5 53. h5 f4 54. h6 f3 55. Rg7+ Kh5 56. h7 Rh6 57. Rf7 f2 58. b4 Bb6 59. Ke2 Kg6 60. Rb7 Rxh7 61. Rxb6+ Kf5 62. Kxf2 Rh2+ 63. Ke3 Rxa2 64. Kd4 Kf4 65. Rf6+ Kg5 66. Rf8 a5 67. Ra8 a4 68. Kc5 Ra3 69. Kxb5 Rxc3 70. Rxa4 Kf6 71. Ra1 Ke7 72. Rd1 Rc8 73. Ka5 Ra8+ 74. Kb6 Rb8+ 75. Kc5 Rc8+ 76. Kb5 Rb8+ 77. Kc4 Rd8 78. Kb3 Rxd1 79. Kc4 Kd8 80. Kc5 Kc8 81. Kb5 Kb8 82. Kb6 Rd7 83. b5 Rd6+ 84. Kc5 Kc7 85. Kb4 Rb6 86. Ka5 Kb7 87. Ka4 Rf6 88. Ka5 Ka7 89. Kb4 Kb6 90. Kc4 Rf5 0-1


[Site "https://www.chess.com"]

[Event "Titled Tuesday Blitz August 15 Early 2023"]
[White "Jahnz, Fabian"]
[Black "Shapiro, Viktor"]
[WhiteFideId "4653300"]
[BlackFideId "4175700"]
[WhiteElo "2332"]
[BlackElo "2552"]
[Result "0-1"]
[Round "3"]
[TimeControl "180+1"]
[Date "2023.08.15"]
[WhiteClock "0:00:00"]
[BlackClock "0:00:23"]
[Board "142"]

1. e4 Nf6 2. e5 Nd5 3. c4 Nb6 4. d4 d6 5. exd6 cxd6 6. Nc3 g6 7. Be2 Bg7 8. Be3 O-O 9. h3 Nc6 10. Nf3 e5 11. O-O h6 12. dxe5 dxe5 13. Qxd8 Rxd8 14. Bxb6 axb6 15. Nd5 e4 16. Nd2 Bxb2 17. Rab1 Rxa2 18. Nxe4 Bd4 19. Bf3 Be6 20. Nxb6 Ne5 21. Kh2 Kg7 22. c5 Bf5 23. Rbd1 Nxf3+ 24. gxf3 Be5+ 25. Kg2 Rxd1 26. Rxd1 Rc2 27. Nd7 Bf4 28. Ng3 Be6 29. Ne4 f5 30. Ng3 Be3 31. Nh1 Bxc5 32. Nxc5 Rxc5 33. Ng3 Bd5 34. Ne2 Kf6 35. Nf4 Bf7 36. Rd7 Rb5 37. Nd3 g5 38. Kg3 b6 39. Rb7 f4+ 40. Kg2 Rb3 41. Nc1 Rb2 42. Nd3 Rb3 43. Nc1 Rc3 44. Ne2 Rc6 45. Nd4 Rd6 46. Nb5 Rc6 47. Nd4 Rd6 48. Nb5 Rd2 49. Rxb6+ Kg7 50. Rd6 Bd5 51. Rd7+ Kf6 52. Rd6+ Ke5 53. Rxh6 Rd3 54. Rg6 Bxf3+ 55. Kh2 Kf5 56. Rg8 Rd1 57. Rf8+ Kg6 58. Rg8+ Kh6 0-1


[Site "https://www.chess.com"]

[Event "Titled Tuesday Blitz August 15 Early 2023"]
[White "Martinez, Shawn"]
[Black "Ismayil, Malak"]
[WhiteFideId "2039770"]
[BlackFideId "13412604"]
[WhiteElo "2329"]
[BlackElo "2552"]
[Result "1-0"]
[Round "3"]
[TimeControl "180+1"]
[Date "2023.08.15"]
[WhiteClock "0:00:17"]
[BlackClock "0:00:00"]
[Board "143"]

1. e4 e5 2. Nf3 Nc6 3. d4 exd4 4. Nxd4 Bc5 5. Nb3 Bb6 6. Qe2 d6 7. Nc3 Nf6 8. Bg5 h6 9. Be3 Be6 10. O-O-O Qe7 11. Bxb6 axb6 12. Kb1 O-O 13. Rg1 Rfe8 14. g4 Bxb3 15. axb3 Nxe4 16. Nxe4 Qxe4 17. Qd2 Nb4 18. Bc4 Nc6 19. g5 h5 20. g6 Re5 21. gxf7+ Kh8 22. Qh6+ Qh7 23. Qf4 Qf5 24. Qg3 Qf6 25. f4 Rea5 26. c3 Qf5+ 27. Bd3 Qf6 28. Kc2 Ra1 29. Rxa1 1-0


[Site "https://www.chess.com"]

[Event "Titled Tuesday Blitz August 15 Early 2023"]
[White "Skaric, Djuro"]
[Black "Fieberg, Samuel"]
[WhiteFideId "934569"]
[BlackFideId "12901717"]
[WhiteElo "2325"]
[BlackElo "2550"]
[Result "1-0"]
[Round "3"]
[TimeControl "180+1"]
[Date "2023.08.15"]
[WhiteClock "0:00:23"]
[BlackClock "0:00:04"]
[Board "144"]

1. g3 e6 2. Bg2 d5 3. d3 c5 4. Nf3 Nc6 5. O-O Nf6 6. Nc3 d4 7. Nb1 Bd6 8. e4 e5 9. h3 h6 10. a4 a6 11. Nbd2 Rb8 12. Ne1 b5 13. axb5 axb5 14. f4 Bd7 15. Ndf3 Qc7 16. f5 c4 17. g4 Nh7 18. h4 f6 19. Rf2 Ke7 20. Bf1 c3 21. bxc3 dxc3 22. Be3 Ra8 23. Rb1 b4 24. Rg2 Ra5 25. g5 hxg5 26. hxg5 Nxg5 27. Nxg5 fxg5 28. Rxg5 Be8 29. Qg4 Kf8 30. Nf3 Bc5 31. Bxc5+ Rxc5 32. Nh4 Nd4 33. Ng6+ Bxg6 34. Rxg6 b3 35. f6 gxf6 36. Rxf6+ Ke8 37. Qg6+ Kd8 38. Qg5 Qe7 39. Rd6+ Ke8 40. Qg6+ Qf7 41. Rd8+ Kxd8 42. Qxf7 b2 43. Qf6+ Kc7 44. Qxh8 Nxc2 45. Bh3 Na3 46. Qg7+ Kb6 47. Qf6+ Ka5 48. Qd8+ Kb4 49. Qb6+ Rb5 50. Qd6+ Kb3 51. Be6+ Kc2 52. Qxa3 Kxb1 53. Qxc3 Ka1 54. Bc4 Rb8 55. d4 Rc8 56. Qa3+ Kb1 57. Bd3+ Kc1 58. dxe5 Rg8+ 59. Kf2 Rf8+ 60. Kg3 Rg8+ 61. Kf4 Rf8+ 62. Qxf8 b1=Q 63. Bxb1 Kd2 64. Qd6+ Ke2 65. Qd3+ Ke1 66. Qc2 Kf1 67. Kf3 Ke1 68. Qe2# 1-0


[Site "https://www.chess.com"]

[Event "Titled Tuesday Blitz August 15 Early 2023"]
[White "Thecourseoisildur"]
[Black "Kiselev, Pavel"]
[BlackFideId "4191102"]
[WhiteElo "2550"]
[BlackElo "2316"]
[Result "1-0"]
[Round "3"]
[TimeControl "180+1"]
[Date "2023.08.15"]
[WhiteClock "0:01:50"]
[BlackClock "0:02:13"]
[Board "145"]

1. d4 Nf6 2. c4 e6 3. Nf3 d5 4. g3 Ne4 5. Bg2 c6 6. O-O f5 7. b3 Bd6 8. Ba3 Qe7 9. Bxd6 Qxd6 10. Qc2 O-O 11. Nc3 Nd7 12. e3 Ndf6 13. Ne2 Bd7 14. Ne5 Be8 15. Nf4 g5 16. Nfd3 Bh5 17. f3 f4 18. fxe4 dxe4 19. Nf2 f3 20. Bh1 Nd7 21. Nxe4 Qc7 22. Nxd7 Qxd7 23. Nxg5 Bg6 24. Qd2 e5 25. Nxf3 exd4 26. exd4 Qh3 27. Bg2 Qd7 28. Ne5 1-0


[Site "https://www.chess.com"]

[Event "Titled Tuesday Blitz August 15 Early 2023"]
[White "Sreyas Payyappat"]
[Black "Afanasieva, Alexandra"]
[WhiteFideId "46674969"]
[BlackFideId "34126926"]
[WhiteElo "2549"]
[BlackElo "2313"]
[Result "1-0"]
[Round "3"]
[TimeControl "180+1"]
[Date "2023.08.15"]
[WhiteClock "0:00:28"]
[BlackClock "0:00:14"]
[Board "146"]

1. e4 c5 2. Nf3 Nc6 3. d4 cxd4 4. Nxd4 e5 5. Nb5 d6 6. c4 Be6 7. N1c3 a6 8. Na3 Rc8 9. Be3 Be7 10. g3 Bg5 11. Qd2 Bxe3 12. Qxe3 Nf6 13. Bg2 Nd4 14. O-O Bxc4 15. Nxc4 Rxc4 16. f4 Qb6 17. Kh1 Qxb2 18. fxe5 dxe5 19. Nd5 Nxd5 20. exd5 O-O 21. Qxe5 Rc2 22. Rfb1 Qc3 23. d6 Rxg2 24. Kxg2 Qf3+ 25. Kh3 Ne6 26. Rf1 1-0


[Site "https://www.chess.com"]

[Event "Titled Tuesday Blitz August 15 Early 2023"]
[White "rionelG"]
[Black "Postlmayer, Jakob"]
[BlackFideId "1643622"]
[WhiteElo "2311"]
[BlackElo "2545"]
[Result "0-1"]
[Round "3"]
[TimeControl "180+1"]
[Date "2023.08.15"]
[WhiteClock "0:00:00"]
[BlackClock "0:00:54"]
[Board "147"]

1. e4 c5 2. g3 d5 3. exd5 Qxd5 4. Nf3 Bg4 5. Bg2 Qe6+ 6. Kf1 Nc6 7. h3 Bh5 8. Nc3 Qd7 9. d3 e6 10. g4 Bg6 11. Bf4 Bd6 12. Qd2 Nge7 13. Re1 O-O 14. Ne5 Nxe5 15. Bxe5 Nc6 16. Bxd6 Qxd6 17. Be4 Nd4 18. Re3 f5 19. Bg2 f4 20. Rf3 Rad8 21. h4 Nxf3 22. Bxf3 h6 23. b3 Bxd3+ 24. cxd3 Qxd3+ 25. Qxd3 Rxd3 26. Bxb7 Rxc3 27. Kg2 Kf7 28. Rd1 Ke7 29. Re1 Rd8 30. Re4 Rd4 31. Re5 Rd2 32. Be4 Re2 0-1


[Site "https://www.chess.com"]

[Event "Titled Tuesday Blitz August 15 Early 2023"]
[White "Preobrazhenska_D2011"]
[Black "Mogirzan, Matei-Valeriu"]
[BlackFideId "1257455"]
[WhiteElo "2308"]
[BlackElo "2542"]
[Result "0-1"]
[Round "3"]
[TimeControl "180+1"]
[Date "2023.08.15"]
[WhiteClock "0:00:15"]
[BlackClock "0:01:21"]
[Board "148"]

1. e4 e5 2. Nf3 Nf6 3. Nxe5 Nc6 4. Nxc6 dxc6 5. d3 Bc5 6. Be2 h5 7. c3 Ng4 8. d4 Qh4 9. g3 Qf6 10. f3 h4 11. dxc5 hxg3 12. fxg4 Rxh2 13. Rf1 Qh4 14. Kd2 Bxg4 15. Qb3 O-O-O+ 16. Ke3 Rxe2+ 17. Kf4 Be6+ 18. Kf3 Qg4# 0-1


[Site "https://www.chess.com"]

[Event "Titled Tuesday Blitz August 15 Early 2023"]
[White "Akhmetov, Ayan"]
[Black "Huynh, Lam Binh Nguyen"]
[WhiteFideId "13703706"]
[BlackFideId "12401633"]
[WhiteElo "2542"]
[BlackElo "2297"]
[Result "1-0"]
[Round "3"]
[TimeControl "180+1"]
[Date "2023.08.15"]
[WhiteClock "0:00:16"]
[BlackClock "0:00:07"]
[Board "149"]

1. Nf3 e6 2. c4 d5 3. g3 c6 4. Bg2 f5 5. O-O Nf6 6. d3 Bd6 7. Nbd2 O-O 8. b3 e5 9. e4 fxe4 10. dxe4 d4 11. Ne1 Bg4 12. f3 Bh5 13. Nd3 Nbd7 14. b4 a5 15. c5 Be7 16. Nc4 axb4 17. Ncxe5 Nxe5 18. Nxe5 Bxc5 19. Nd3 Bb6 20. Qb3+ Bf7 21. Qxb4 Nd7 22. Bh3 Nf6 23. Rb1 Ba7 24. Bf4 b6 25. Ne5 c5 26. Qb5 Be8 27. Qc4+ Kh8 28. Rb2 b5 29. Rxb5 Bxb5 30. Qxb5 Rb8 31. Qc4 Qa5 32. Nf7+ Rxf7 33. Qxf7 d3 34. Bxb8 c4+ 35. Bxa7 1-0


[Site "https://www.chess.com"]

[Event "Titled Tuesday Blitz August 15 Early 2023"]
[White "Mikhaylova, Irina"]
[Black "Al-Tarboush, Ward"]
[WhiteFideId "4109040"]
[BlackFideId "7601450"]
[WhiteElo "2292"]
[BlackElo "2541"]
[Result "0-1"]
[Round "3"]
[TimeControl "180+1"]
[Date "2023.08.15"]
[WhiteClock "0:01:06"]
[BlackClock "0:02:12"]
[Board "150"]

1. d3 d5 2. Nf3 Nc6 3. g3 e5 4. Bg2 Be6 5. O-O f6 6. Nbd2 g5 7. e4 d4 8. h4 g4 9. Nh2 h5 10. f3 gxf3 11. Bxf3 Bf7 12. Nb3 Qd7 13. c3 O-O-O 14. c4 Kb8 15. Bd2 Nge7 16. Kh1 Nc8 17. Na5 Nxa5 18. Bxa5 Be7 19. Bb4 Bxb4 0-1


[Site "https://www.chess.com"]

[Event "Titled Tuesday Blitz August 15 Early 2023"]
[White "Plotnikov, Pavel"]
[Black "Ivanova, Karina"]
[WhiteFideId "4170342"]
[BlackFideId "24139750"]
[WhiteElo "2541"]
[BlackElo "2283"]
[Result "1/2-1/2"]
[Round "3"]
[TimeControl "180+1"]
[Date "2023.08.15"]
[WhiteClock "0:00:08"]
[BlackClock "0:00:02"]
[Board "151"]

1. e4 c6 2. d4 d5 3. e5 Bf5 4. Nf3 e6 5. Be2 Nd7 6. O-O h6 7. c4 dxc4 8. Bxc4 Ne7 9. Nc3 Nd5 10. Bd3 Bxd3 11. Qxd3 Be7 12. Nxd5 cxd5 13. Bd2 O-O 14. Rac1 Rc8 15. Rc2 Rxc2 16. Qxc2 Qc8 17. Rc1 Qxc2 18. Rxc2 Bd8 19. Bb4 Re8 20. Rc8 f6 21. Bd6 Kf7 22. h3 Bb6 23. Rc3 f5 24. b4 a5 25. a3 g5 26. g4 fxg4 27. hxg4 Nb8 28. bxa5 Bxa5 29. Rb3 b6 30. Bc7 Nd7 31. Bd6 Rc8 32. Bb4 Bxb4 33. axb4 b5 34. Kf1 Rc4 35. Ke2 Nb6 36. Ra3 Na4 37. Rb3 Rc2+ 38. Ke3 Kg6 39. Ne1 Rc4 40. Nd3 h5 41. gxh5+ Kxh5 42. f4 g4 43. f5 exf5 44. Nf4+ Kh4 45. Nxd5 g3 46. Nf4 Kg4 47. e6 Nc3 48. e7 Rc8 49. Nd3 Nd5+ 50. Ke2 Nxe7 51. Ne5+ Kg5 52. Rxg3+ Kf4 53. Rf3+ Ke4 54. Re3+ Kxd4 55. Nf3+ Kc4 56. Rxe7 Kxb4 57. Re5 Rc5 58. Rxc5 Kxc5 59. Nd2 b4 60. Nb3+ Kc4 61. Na5+ Kb5 62. Nb3 Kc4 63. Na5+ Kd4 64. Kf3 Ke5 65. Nc4+ Kd5 66. Na5 Ke5 67. Nc6+ Kd5 68. Nxb4+ Kc4 69. Kf4 Kxb4 70. Kxf5 1/2-1/2


[Site "https://www.chess.com"]

[Event "Titled Tuesday Blitz August 15 Early 2023"]
[White "Toncheva, Nadya"]
[Black "Kaminski, Victor"]
[WhiteFideId "2924056"]
[BlackFideId "1131630"]
[WhiteElo "2541"]
[BlackElo "2281"]
[Result "1-0"]
[Round "3"]
[TimeControl "180+1"]
[Date "2023.08.15"]
[WhiteClock "0:02:22"]
[BlackClock "0:00:10"]
[Board "152"]

1. e4 e5 2. Nf3 Nc6 3. Bb5 a6 4. Ba4 Nf6 5. O-O Be7 6. Re1 b5 7. Bb3 O-O 8. a4 Bb7 9. d3 d6 10. Nbd2 Nd7 11. Nf1 Nc5 12. axb5 axb5 13. Rxa8 Qxa8 14. Bd5 Nb4 15. Bxb7 Qxb7 16. Bd2 Nc6 17. Ne3 Bd8 18. Nf5 Ne7 19. N3h4 Nxf5 20. Nxf5 g6 21. Qg4 Bf6 22. Nh6+ Kg7 23. Qh3 Ne6 24. Ng4 Ng5 25. Qh6+ 1-0


[Site "https://www.chess.com"]

[Event "Titled Tuesday Blitz August 15 Early 2023"]
[White "Perdomo, Carlos Andres"]
[Black "Juicy_Fork"]
[WhiteFideId "4400852"]
[WhiteElo "2540"]
[BlackElo "2279"]
[Result "1-0"]
[Round "3"]
[TimeControl "180+1"]
[Date "2023.08.15"]
[WhiteClock "0:00:52"]
[BlackClock "0:00:26"]
[Board "153"]

1. c4 Nf6 2. Nf3 g6 3. e3 Bg7 4. Be2 O-O 5. O-O c5 6. d4 d6 7. b3 Nbd7 8. Bb2 Ne8 9. Nc3 e5 10. dxc5 dxc5 11. Qd2 f5 12. Rfd1 e4 13. Ne1 Qg5 14. g3 Ne5 15. Nd5 Be6 16. Bxe5 Bxe5 17. f4 exf3 18. Nxf3 Qd8 19. Nxe5 Nd6 20. Ne7+ Qxe7 21. Qxd6 Qf6 22. Nd7 Qg5 23. Qxe6+ Rf7 24. Ne5 Qxe3+ 25. Kf1 f4 26. Qxf7+ Kh8 27. Qf6+ Kg8 28. Qe6+ Kg7 29. Rd7+ 1-0


[Site "https://www.chess.com"]

[Event "Titled Tuesday Blitz August 15 Early 2023"]
[White "slimshady"]
[Black "Arutla, Aditya"]
[BlackFideId "30961998"]
[WhiteElo "2271"]
[BlackElo "2539"]
[Result "1-0"]
[Round "3"]
[TimeControl "180+1"]
[Date "2023.08.15"]
[WhiteClock "0:01:29"]
[BlackClock "0:01:05"]
[Board "154"]

1. e4 c5 2. Nf3 Nc6 3. Bb5 g6 4. O-O Bg7 5. Re1 Nf6 6. c3 O-O 7. h3 d5 8. e5 Nd7 9. d4 e6 10. Be3 Qb6 11. Bxc6 bxc6 12. b3 cxd4 13. cxd4 Ba6 14. Nc3 Rfe8 15. Rc1 Rac8 16. Na4 Qc7 17. Qd2 Bb5 18. Nc5 Nxc5 19. Rxc5 Bf8 20. Rc2 a5 21. a4 Ba6 22. Rec1 Bb7 23. Ne1 Ba8 24. Nd3 Rb8 25. Nc5 Bxc5 26. Rxc5 Rxb3 27. Rxa5 Bb7 28. Rac5 Ra8 29. a5 Qd8 30. Bg5 Qe8 31. Qa2 Rb5 32. Bf6 Rxc5 33. Rxc5 Ba6 34. Qc2 Bc4 35. Qd2 Ra6 36. Bg5 h5 37. Qf4 Kh7 38. g4 hxg4 39. Qxg4 Qh8 40. Bf6 1-0


[Site "https://www.chess.com"]

[Event "Titled Tuesday Blitz August 15 Early 2023"]
[White "Kohler, Aran"]
[Black "Grebeniuk, Semen"]
[WhiteFideId "1002856"]
[BlackFideId "14117509"]
[WhiteElo "2269"]
[BlackElo "2537"]
[Result "0-1"]
[Round "3"]
[TimeControl "180+1"]
[Date "2023.08.15"]
[WhiteClock "0:00:16"]
[BlackClock "0:00:13"]
[Board "155"]

1. c4 f5 2. Nc3 Nf6 3. d4 g6 4. Nf3 d6 5. g3 Bg7 6. Bg2 O-O 7. O-O Qe8 8. d5 a5 9. Nd4 Na6 10. Rb1 Bd7 11. a3 a4 12. Bg5 h6 13. Bxf6 Bxf6 14. Qd2 Bg7 15. Ne6 Bxe6 16. dxe6 c6 17. e4 Nc5 18. exf5 Rxf5 19. Rfe1 g5 20. Bh3 Rf8 21. Qe2 Qg6 22. Rbd1 h5 23. Bg2 Bxc3 24. bxc3 Rf6 25. Be4 Qh6 26. Bc2 Raf8 27. Rf1 Rxe6 28. Qd2 Ref6 29. Rde1 e5 30. Qd1 g4 31. Bxa4 Qg5 32. Bc2 h4 33. Bb1 Kg7 34. Qc2 Rh8 35. Qc1 Qh5 36. Qd2 Rfh6 37. Re2 Rf6 38. Bc2 Rhf8 39. Bb1 Rf3 40. Qc2 R8f6 41. Ree1 hxg3 42. fxg3 Rxf1+ 43. Rxf1 Rxf1+ 44. Kxf1 e4 45. Kg1 Qf5 46. Qe2 Kf6 47. Bc2 Ke7 48. Qe3 Kd7 49. Bd1 Kc7 50. Qe2 Qe5 51. Qxg4 Qxc3 52. Qf4 Qd4+ 53. Kg2 Qxd1 54. Qf7+ Nd7 55. Qf2 Qd3 56. h4 e3 57. Qe1 Ne5 58. h5 Qe4+ 59. Kf1 Qf3+ 60. Kg1 e2 61. h6 Nd3 62. h7 Nxe1 63. h8=Q Qf1+ 0-1


[Site "https://www.chess.com"]

[Event "Titled Tuesday Blitz August 15 Early 2023"]
[White "Jaskolka, Tomasz"]
[Black "bteillet"]
[WhiteFideId "1170791"]
[WhiteElo "2537"]
[BlackElo "2245"]
[Result "1-0"]
[Round "3"]
[TimeControl "180+1"]
[Date "2023.08.15"]
[WhiteClock "0:02:01"]
[BlackClock "0:01:23"]
[Board "156"]

1. e4 d6 2. d4 Nf6 3. Nc3 g6 4. Bf4 Bg7 5. Qd2 c6 6. O-O-O b5 7. f3 O-O 8. Bh6 Nbd7 9. h4 b4 10. Nce2 c5 11. h5 Ba6 12. Bxg7 Kxg7 13. hxg6 fxg6 14. Qh6+ Kg8 15. Nf4 Bxf1 16. Ne6 Rf7 17. Nxd8 Rxd8 18. Rxf1 Nxe4 19. Nh3 Ng3 20. Ng5 Nxh1 21. Nxf7 Kxf7 22. Qxh7+ Ke6 23. Qxg6+ Nf6 24. Rxh1 cxd4 25. Re1+ Kd7 26. Qf5+ Ke8 27. Qxf6 1-0


[Site "https://www.chess.com"]